 Dungeon Crawl Stone Soup version 0.18-a0-1521-g59d19af (webtiles) character file.

309 FrancescoMac the Magician (level 6, -3/41 HPs)
             Began as a Demonspawn Wizard on Mar 7, 2016.
             Killed from afar by an orc wizard (7 damage)
             ... with a puff of flame
             ... on level 3 of the Dungeon.
             The game lasted 00:50:29 (6354 turns).

FrancescoMac the Magician (Demonspawn Wizard)       Turns: 6354, Time: 00:50:29

Health: -3/41      AC:  3    Str:  7    XL:     6   Next: 17%
Magic:  7/12       EV:  7    Int: 21    God:
Gold:   238        SH:  0    Dex: 12    Spells: 4 memorised, 5 levels left

rFire  . . .     SeeInvis .     e - +0 dagger (freeze)
rCold  + . .     Gourm    .     a - +0 robe
rNeg   + . .     Faith    .     (no shield)
rPois  .         Spirit   .     b - +0 hat
rElec  .         Dismiss  .     i - +0 cloak
rCorr  .         Reflect  .     (no gloves)
SustAt .         Harm     .     (no boots)
MR     .....                    (no amulet)
Stlth  ++++......               (no ring)
                                k - ring of positive energy

@: not resistant to hostile enchantments, stealthy
A: claws 1, talons 1, cold resistance 1, nightstalker 2
a: no special abilities


You were on level 3 of the Dungeon.
You were not hungry.

You visited 1 branch of the dungeon, and saw 4 of its levels.

You collected 238 gold pieces.

Inventory:

Hand Weapons
 e - a +0 dagger of freezing (weapon)
Armour
 a - a +0 robe (worn)
 b - a +0 hat (worn)
 i - a +0 cloak (worn)
Jewellery
 k - a ring of positive energy (left claw)
Scrolls
 m - a scroll of remove curse
 n - 3 scrolls of recharging
Potions
 h - a potion of resistance
Books
 c - a book of Minor Magic

   Spells                             Type                      Level
   a - Magic Dart                     Conjuration                  1
   b - Blink                          Translocation                2
   c - Call Imp                       Summoning                    2
   d - Repel Missiles                 Charms/Air                   2
   e - Slow                           Hexes                        2
   f - Conjure Flame                  Conjuration/Fire             3
   g - Mephitic Cloud                 Conjuration/Poison/Air       3
Comestibles
 d - 3 bread rations
 f - a chunk of flesh


   Skills:
 + Level 2.7 Dodging
 + Level 2.5 Stealth
 + Level 4.1 Spellcasting
 + Level 2.2 Conjurations
 + Level 1.4 Charms
 + Level 2.0 Summonings
   Level 0.8 Translocations
 + Level 1.0 Fire Magic
 + Level 1.7 Air Magic


You had 5 spell levels left.
You knew the following spells:

 Your Spells              Type           Power        Failure   Level  Hunger
a - Magic Dart            Conj           ##..         6%          1    None
b - Call Imp              Summ           ##......     10%         2    #......
c - Repel Missiles        Chrm/Air       ##....       12%         2    #......
d - Conjure Flame         Conj/Fire      ##......     21%         3    ###....


Dungeon Overview and Level Annotations

Branches:
Dungeon (4/15)
 Temple: D:4-7

Altars:
Cheibriados
Elyvilon
Qazlal


Innate Abilities, Weirdness & Mutations

You have sharp fingernails.
You have sharp toenails.
Your flesh is cold resistant.
You are significantly more attuned to the shadows.


Message History

You closely miss something.
You hear some strange, mumbled words.
A puff of flame appears from out of thin air!
The puff of flame hits you!
* * * LOW HITPOINT WARNING * * *
Something hits you but does no damage.
Things that are here:
a short sword; a whip; an orc corpse Something hits you but does no damage.
Something hits you but does no damage.
There is a stone staircase leading up here.
You see here a dagger.
Something hits you but does no damage. x2
You climb upwards.
There is a stone staircase leading down here.
You start resting.
Something completely misses you.
You hear some strange, mumbled words.
A puff of flame appears from out of thin air!
The puff of flame hits you!
You die...

#≈≈≈≈≈≈≈≈≈#...#############
#≈≈≈≈≈≈≈≈≈#####≈≈≈≈≈≈≈≈≈≈≈≈
#≈≈≈≈≈≈≈≈≈≈≈≈≈≈≈≈≈≈≈≈≈≈≈≈≈≈
#≈≈≈≈≈≈≈≈≈≈≈≈≈≈≈≈≈≈≈≈≈≈≈≈≈≈
#≈..≈≈..≈.≈.≈≈≈..≈≈.≈..≈≈≈.
#..........................
#...................)......
###.#.###.......##..#....##
#.......@................
#######.....)..(.........
#..................
#........####....##
##.................#
#....#.............#
#..................#
#.........#.)......#
#.........+........#


There were no monsters in sight!

Vanquished Creatures
  2 adders (D:2)
  2 worms (D:2)
  7 dart slugs
  A giant gecko (D:3)
  2 orcs
  2 giant cockroaches
  12 goblins
  12 hobgoblins
  5 bats
  5 giant newts
  31 kobolds
  8 rats
89 creatures vanquished.

Vanquished Creatures (collateral kills)
  3 big kobolds (D:3)
  An orc wizard (D:3)
  Ijyb (D:2)
  An adder (D:2)
  2 oozes (D:3)
  A worm (D:3)
  4 orcs
  3 goblins
  4 hobgoblins
  15 kobolds
  A quokka (D:3)
  A rat (D:3)
37 creatures vanquished.

Grand Total: 126 creatures vanquished

Notes
Turn   | Place    | Note
--------------------------------------------------------------
     0 | D:1      | FrancescoMac the Demonspawn Wizard began the quest for the Orb.
     0 | D:1      | Reached XP level 1. HP: 13/13 MP: 4/4
   201 | D:1      | Gained mutation: You have sharp fingernails. [demonic ancestry]
   201 | D:1      | Reached XP level 2. HP: 19/19 MP: 1/6
   372 | D:1      | Learned a level 2 spell: Call Imp
   375 | D:1      | Learned a level 2 spell: Repel Missiles
   794 | D:1      | Gained mutation: You are slightly more attuned to the shadows. [demonic ancestry]
   794 | D:1      | Reached XP level 3. HP: 24/24 MP: 1/8
  1842 | D:2      | Found a snail-covered altar of Cheibriados.
  2381 | D:2      | Gained mutation: You are significantly more attuned to the shadows. [demonic ancestry]
  2381 | D:2      | Reached XP level 4. HP: 30/30 MP: 5/9
  2383 | D:2      | Gained mutation: Your system is resistant to poisons. [potion of mutation]
  2383 | D:2      | Gained mutation: Your magical capacity is low (-10% MP). [potion of mutation]
  2383 | D:2      | Gained mutation: You are somewhat resistant to further mutation. [potion of mutation]
  2392 | D:2      | Reached skill level 1 in Air Magic
  3020 | D:2      | Found a stormy altar of Qazlal.
  3157 | D:2      | Learned a level 3 spell: Conjure Flame
  3510 | D:2      | Lost mutation: Your magical capacity is low (-10% MP). [potion of cure mutation]
  3510 | D:2      | Lost mutation: Your system is resistant to poisons. [potion of cure mutation]
  3510 | D:2      | Lost mutation: You are somewhat resistant to further mutation. [potion of cure mutation]
  3621 | D:3      | Found a white marble altar of Elyvilon.
  4106 | D:3      | Noticed Ijyb
  4177 | D:2      | Killed Ijyb
  4177 | D:2      | Reached skill level 1 in Charms
  4587 | D:3      | Gained mutation: You have sharp toenails. [demonic ancestry]
  4587 | D:3      | Reached XP level 5. HP: 28/35 MP: 1/10
  5234 | D:3      | Reached skill level 4 in Spellcasting
  5787 | D:3      | Gained mutation: Your flesh is cold resistant. [demonic ancestry]
  5787 | D:3      | Reached XP level 6. HP: 36/41 MP: 1/12
  6057 | D:3      | Reached skill level 1 in Fire Magic
  6354 | D:3      | Killed from afar by an orc wizard

Vault maps used:
D:1:      dpeg_arrival_water_temple_mockup, grunt_decor_cap, interstate_on_off
D:2:      old_standard_altar, grunt_ministairs_8,
          nicolae_qazlal_general_emergency
D:3:      minmay_goblin_kobold_castle, lemuel_coloured_pillars_altar, uniq_iyjb
D:4:      kennysheep_mini, old_standard_altar, lemuel_round_altar,
          gammafunk_temple_overflow_elements, temple_hall

Skill      XL: |  1  2  3  4  5  6 |
---------------+-------------------+-----
Dodging        | 2 |  2.7
Stealth        | 2 |  2.5
Air Magic      | 1 |  1.7
Charms         | 1 |  1.4
Conjurations   | 2 |  2.2
Spellcasting   | 4 |  4.1
Summonings     | 2 |  2.0
Fire Magic     | 1 |  1.0
Translocations | |  0.8

Action                   |  1- 3 |  4- 6 || total
-------------------------+-------+-------++-------
Melee: Unarmed           |     5 |    53 ||    58
       Dagger            |       |    18 ||    18
 Cast: Magic Dart        |   105 |   149 ||   254
       Call Imp          |     7 |    55 ||    62
       Repel Missiles    |     2 |     2 ||     4
  Use: Scroll            |     5 |     5 ||    10
       Potion            |     1 |     8 ||     9
 Stab: Sleeping          |       |     1 ||     1
  Eat: Chunk             |     1 |     6 ||     7
       Meat ration       |     1 |     1 ||     2
       Beef jerky        |       |     1 ||     1
